Map: Acropolis LE

Players

Silky

  • Race: Zerg Zerg
  • Spawn Location: 11:00

Cyan - Winner!

  • Race: Protoss Protoss
  • Spawn Location: 5:00

VOD

Have the link to the VOD?

Description

Time

  • Played on: Sept. 6, 2019, 8:54 p.m.
  • Length: 7:56
Show
View Real Time Build Order
Export as new Build Order

Silky Zerg 

Build Orders: Hatch First 

Get SALT Encoding   

  12  0:00  Drone  
  13  0:12  Overlord  
  13  0:17  Drone  
  14  0:30  Drone x2  
  16  0:48  Hatchery  
  15  0:51  Drone  
  15  0:55  Drone  
  17  0:58  Drone  
  18  1:09  Extractor  
  17  1:13  Spawning Pool  
  17  1:16  Drone  
  17  1:19  Drone  
  18  1:28  Drone  
  19  1:39  Drone  
  20  1:49  Overlord  
  20  2:00  Zergling x4, Queen x2  
  26  2:09  Metabolic Boost  
  26  2:10  Drone  
  26  2:12  Drone  
  28  2:22  Drone x2  
  30  2:33  Hatchery  
  29  2:41  Queen  
  31  2:45  Overlord  
  31  2:50  Drone  
  31  2:51  Drone  
  31  2:53  Drone  
  31  2:55  Drone  
  34  2:59  Drone  
  35  3:08  Overlord, Zergling x2  
  35  3:11  Drone x3  
  38  3:15  Drone x2  
  38  3:17  Drone  
  41  3:21  Drone x2  
  41  3:25  Spore Crawler  
  42  3:31  Drone  
  42  3:32  Drone  
  44  3:40  Drone  
  44  3:41  Roach Warren, Drone  
  46  3:47  Overlord  
  46  3:48  Drone x3  
  48  3:50  Extractor  
  48  3:53  Drone x3  
  50  3:58  Spore Crawler  
  50  4:02  Lair  
  49  4:03  Spore Crawler  
  49  4:07  Zergling x6  
  51  4:15  Queen  
  53  4:20  Zergling x8  
  57  4:29  Overlord  
  57  4:30  Overlord x2  
  57  4:53  Roach x4  
  57  4:54  Roach x2  
  63  5:01  Glial Reconstitution, Drone x3  
  63  5:04  Queen  
  63  5:06  Roach x5  
  77  5:11  Overlord x2  
  77  5:14  Overseer  
  74  5:33  Drone x7  
  80  5:39  Drone  
  80  5:40  Drone  
  80  5:44  Drone x2  
  80  5:45  Overseer  
  80  5:46  Drone x3  
  85  5:51  Drone x2  
  85  5:52  Drone x2  
  85  5:54  Drone  
  85  5:55  Overlord x2  
  85  5:56  Evolution Chamber  
  89  6:00  Hydralisk Den  
  88  6:08  Queen  
  88  6:10  Overlord  
  90  6:12  Extractor  
  90  6:14  Drone  
  90  6:15  Drone x7  
  97  6:20  Overlord  
  97  6:22  Drone x3  
  97  6:25  Drone, Extractor x3  
  99  6:26  Drone x3  
  99  6:32  Overlord  
  101  6:41  Hydralisk x3  
  101  6:45  Grooved Spines  
  107  6:49  Overlord  
  107  6:50  Overlord, Hatchery, Hydralisk  
  107  6:53  Hydralisk  
  108  6:56  Zergling x12  
  108  7:01  Roach x3  
  122  7:02  Overlord  
  122  7:08  Overlord  
  122  7:09  Roach x2  
  122  7:11  Ravager  
  127  7:18  Roach x2  
  127  7:20  Ravager x2  
  133  7:24  Roach  
  134  7:32  Roach x6  
Show
View Real Time Build Order
Export as new Build Order

Cyan Protoss - Winner!

Build Orders: 1 Gate Expand, Zealot Archon, Archon Drop, Dark Templar Rush 

Get SALT Encoding   

  12  0:00  Probe  
  13  0:12  Probe  
  14  0:18  Pylon  
  14  0:24  Probe  
  15  0:32  Probe  
  15  0:39  Gateway  
  15  0:40  Probe  
  16  0:47  Assimilator  
  17  0:51  Probe  
  18  1:03  Probe  
  19  1:15  Probe  
  20  1:23  Nexus  
  20  1:32  Cybernetics Core  
  20  1:35  Probe  
  21  1:41  Assimilator  
  21  1:47  Probe  
  21  1:50  Pylon  
  22  1:59  Probe, Adept  
  23  2:11  Probe  
  23  2:12  Warp Gate  
  26  2:21  Twilight Council  
  26  2:23  Probe  
  27  2:31  Probe, Stalker  
  27  2:36  Probe  
  31  2:39  Probe  
  32  2:46  Probe  
  32  2:49  Probe  
  33  2:52  Robotics Facility  
  33  2:54  Probe  
  35  3:01  Probe  
  35  3:02  Probe  
  36  3:11  Probe  
  37  3:14  Probe  
  37  3:19  Dark Shrine, Probe  
  39  3:23  Gateway  
  39  3:26  Probe  
  41  3:28  Probe  
  41  3:29  Gateway  
  41  3:31  Warp Prism  
  42  3:35  Gateway  
  43  3:48  Probe  
  45  3:49  Pylon, Probe  
  45  3:51  Assimilator  
  45  3:54  Assimilator  
  46  3:58  Pylon  
  46  4:05  Pylon  
  46  4:07  Probe, Adept  
  46  4:09  Probe  
  50  4:19  Probe  
  50  4:21  Probe  
  52  4:33  Probe  
  52  4:37  Dark Templar x4  
  61  4:42  Pylon  
  61  4:50  Nexus  
  59  5:02  Archon  
  59  5:04  Archon  
  59  5:06  Observer  
  60  5:07  Pylon, Forge  
  60  5:10  Pylon  
  60  5:12  Adept  
  60  5:15  Sentry x3, Protoss Ground Weapons Level 1  
  60  5:16  Probe x2  
  60  5:17  Immortal  
  68  5:33  Charge  
  68  5:35  Probe x2  
  67  5:43  Gateway  
  67  5:47  Gateway  
  67  5:50  Immortal, Gateway  
  67  5:53  Gateway  
  67  5:54  Probe  
  67  5:55  Probe  
  73  6:06  Probe  
  73  6:07  Probe  
  75  6:13  Pylon, Probe  
  76  6:23  Immortal, Zealot, Dark Templar x2  
  76  6:24  Zealot  
  84  6:27  Pylon  
  88  6:36  Probe x3  
  91  6:43  Dark Templar  
  91  6:45  Zealot x2, Archon  
  97  6:50  Zealot, Dark Templar  
  101  6:58  Archon  
  101  6:59  Zealot  
  101  7:00  Zealot x2  
  107  7:09  Dark Templar  
  107  7:11  Dark Templar  
  107  7:13  Pylon  
  107  7:14  Pylon  
  107  7:15  Zealot, Archon  
  113  7:16  Zealot  
  113  7:20  Zealot x3  
  120  7:41  Zealot x5  
  120  7:42  Zealot  
  122  7:44  Zealot x2  
Tags
 
Add a new tag
Caveats
  • Supply blocks, unpowered buildings, or Contaminate may cause inaccurate times.
  • Supply counts are checked every 10 seconds.